 Dungeon Crawl Stone Soup version 0.19.1 (webtiles) character file.

1324 Nakatomy the Thaumaturge (level 8, -3/44 HPs)
             Began as a Deep Elf Fire Elementalist on Dec 21, 2016.
             Killed by divine providence
             ... invoked by an orc priest
              (12 damage)
             ... on level 6 of the Dungeon.
             The game lasted 00:34:21 (8352 turns).

Nakatomy the Thaumaturge (DEFE)                     Turns: 8352, Time: 00:34:22

Health: -3/44      AC: 12    Str:  5    XL:     8   Next: 33%
Magic:  1/22       EV: 13    Int: 23    God:
Gold:   269        SH:  2    Dex: 15    Spells: 5 memorised, 10 levels left

rFire  + . .     SeeInvis .     f - +0 short sword
rCold  . . .     Gourm    .     y - +1 robe {rF+}
rNeg   . . .     Faith    .     (no shield)
rPois  .         Spirit   .     w - +0 helmet
rElec  .         Reflect  +     (no cloak)
rCorr  .         Harm     .     A - +0 pair of gloves
MR     .....                    (no boots)
Stlth  ++........               d - +2 amulet of reflection
                                s - +1 ring of protection
                                n - +6 ring of protection

@: very slightly contaminated, invisible
A: no striking features
a: no special abilities


You were on level 6 of the Dungeon.
You were not hungry.

You visited 1 branch of the dungeon, and saw 6 of its levels.

You collected 269 gold pieces.

Inventory:

Hand Weapons
 f - a +0 short sword (weapon)
Missiles
 r - 39 stones (quivered)
Armour
 w - a +0 helmet (worn)
 y - a +1 robe of fire resistance (worn)
 A - a +0 pair of gloves (worn)
Jewellery
 d - a +2 amulet of reflection (around neck)
 n - a +6 ring of protection (left hand)
 p - a +4 ring of strength
 s - a +1 ring of protection (right hand)
Wands
 B - a wand of lightning (0/15)
Scrolls
 a - 2 scrolls of amnesia {unknown}
 e - a scroll of holy word {unknown}
 g - a scroll of enchant armour {unknown}
 i - 3 scrolls of remove curse {unknown}
 j - a scroll of fear {unknown}
 l - 3 scrolls of teleportation {unknown}
 o - 2 scrolls of magic mapping {unknown}
 u - a scroll of blinking {unknown}
 x - a scroll of recharging {unknown}
Potions
 h - 4 potions of curing
 k - 2 potions of flight
 m - 2 potions of invisibility
 t - a potion of heal wounds {unknown}
Books
 b - a book of Flames

   Spells                             Type                      Level
   a - Flame Tongue                   Conjuration/Fire             1
   b - Throw Flame                    Conjuration/Fire             2
   c - Conjure Flame                  Conjuration/Fire             3
   d - Inner Flame                    Hexes/Fire                   3
   e - Sticky Flame                   Conjuration/Fire             4
   f - Fireball                       Conjuration/Fire             5
Comestibles
 c - 5 bread rations
 q - 3 beef jerkies
 v - a meat ration
 z - a royal jelly
 C - 4 chunks of flesh


   Skills:
 + Level 1.8 Fighting
 - Level 2.6 Dodging
 - Level 2.7 Stealth
 + Level 8.0 Spellcasting
 + Level 5.6 Conjurations
 * Level 7.3 Fire Magic


You had 10 spell levels left.
You knew the following spells:

 Your Spells              Type           Power        Failure   Level  Hunger
a - Flame Tongue          Conj/Fire      #####        1%          1    None
b - Throw Flame           Conj/Fire      #####.       1%          2    None
c - Conjure Flame         Conj/Fire      #####...     1%          3    None
d - Inner Flame           Hex/Fire       ####....     6%          3    None
z - Sticky Flame          Conj/Fire      #####...     6%          4    ###....


Dungeon Overview and Level Annotations

Branches:
Dungeon (6/15)
 Temple: D:4-7

Altars:
Elyvilon
Hepliaklqana
Okawaru

Annotations:
D:3 exclusion: downstairs, Pytinka's ghost, amateur GrFi
D:4 Grinder


Message History

The orc priest barely misses you. The orc closely misses you.
You hit the orc.
You kill the orc!
The orc priest invokes the aid of Beogh against you.
You struggle to resist.
The orc priest hits you but does no damage.
Okay, then.
Unknown command.
You fade into invisibility!
The orc priest casts a cantrip, but nothing happens.
The orc priest barely misses you.
You are very lightly contaminated with residual magic.
You catch the helpless orc priest completely off-guard!
You hit the orc priest.
The orc priest is heavily wounded.
The orc priest hits you with a club.
* * * LOW HITPOINT WARNING * * *
The orc priest mumbles some strange prayers to Beogh against you.
Beogh smites you!
You die...

#.# #.#
#######
#.#
......#
#.####
#####.#
#..oo# #.#
####F# #.#
#######.##
#.#
#.))).o#o#
#.#
#.#####@##
#.# ###
#.# #.#
#.# #.#
#.# #.#
.......#


You could see 2 orc priests.

Vanquished Creatures
  A hungry ghost (D:5)
  4 ogres
  A phantom (D:4)
  2 centaurs
  2 bullfrogs (D:6)
  A water moccasin skeleton (D:6)
  A crimson imp (D:6)
  2 hounds
  An orc priest (D:6)
  An orc wizard (D:6)
  A bullfrog skeleton (D:4)
  A worker ant (D:4)
  7 adders
  A shadow imp (D:6)
  An ooze (D:4)
  An adder zombie (D:5)
  4 worms
  An adder skeleton (D:4)
  3 dart slugs
  4 leopard geckos
  20 orcs
  A ball python (D:2)
  9 giant cockroaches
  8 goblins
  6 hobgoblins
  14 jackals
  11 kobolds
  3 quokkas
  10 bats
  7 frilled lizards
  A jackal skeleton (D:5)
  11 rats
141 creatures vanquished.

Notes
Turn   | Place    | Note
-------+----------+-------------------------------------------
     0 | D:1      | Nakatomy the Deep Elf Fire Elementalist began the quest for the Orb.
     0 | D:1      | Reached XP level 1. HP: 10/10 MP: 6/6
   303 | D:1      | Reached XP level 2. HP: 15/15 MP: 5/8
   386 | D:1      | Learned a level 2 spell: Throw Flame
   965 | D:1      | Reached XP level 3. HP: 19/19 MP: 5/10
  1075 | D:1      | Reached skill level 4 in Spellcasting
  1239 | D:1      | Learned a level 3 spell: Conjure Flame
  2060 | D:2      | Reached XP level 4. HP: 24/24 MP: 1/12
  3831 | D:3      | Reached XP level 5. HP: 28/28 MP: 11/14
  4099 | D:3      | Reached skill level 5 in Spellcasting
  4373 | D:3      | Found a hazy altar of Hepliaklqana.
  4374 | D:3      | Found a white marble altar of Elyvilon.
  4382 | D:3      | Noticed Pytinka's ghost (amateur GrFi)
  5982 | D:4      | Noticed Grinder
  6278 | D:4      | Noticed an ogre
  6286 | D:4      | Killed an ogre
  6286 | D:4      | Reached skill level 5 in Fire Magic
  6286 | D:4      | Reached XP level 6. HP: 32/32 MP: 1/16
  6696 | D:4      | Paralysed by Grinder for 5 turns
  6704 | D:5      | Entered Level 5 of the Dungeon
  6778 | D:5      | Reached skill level 6 in Spellcasting
  6818 | D:5      | Learned a level 3 spell: Inner Flame
  6823 | D:5      | Learned a level 4 spell: Sticky Flame
  6836 | D:5      | Noticed a hungry ghost
  6848 | D:5      | Killed a hungry ghost
  6848 | D:5      | Reached XP level 7. HP: 36/36 MP: 6/19
  7228 | D:5      | Reached skill level 7 in Spellcasting
  7546 | D:4      | Reached skill level 5 in Conjurations
  8006 | D:6      | Found an iron altar of Okawaru.
  8037 | D:6      | Reached skill level 1 in Fighting
  8037 | D:6      | Reached XP level 8. HP: 43/43 MP: 13/21
  8335 | D:6      | Reached skill level 8 in Spellcasting
  8352 | D:6      | Killed from afar by an orc priest

Skill      XL: |  1  2  3  4  5  6  7  8 |
---------------+-------------------------+-----
Spellcasting   | 4 5 6 7 8 |  8.0
Conjurations   | 2 3 4 5 |  5.6
Fire Magic     | 4 5 6 7 |  7.3
Fighting       | 1 |  1.8
Dodging        | |  2.6
Stealth        | |  2.7

Action                   |  1- 3 |  4- 6 |  7- 9 || total
-------------------------+-------+-------+-------++-------
Melee: Short sword       |    13 |     9 |    25 ||    47
 Cast: Flame Tongue      |    28 |    70 |    40 ||   138
       Throw Flame       |    44 |    91 |    26 ||   161
       Conjure Flame     |     2 |    14 |     3 ||    19
       Sticky Flame      |       |       |     7 ||     7
Evoke: Wand              |       |       |     5 ||     5
  Use: Scroll            |       |     4 |       ||     4
       Potion            |       |       |     1 ||     1
 Stab: Invisible         |       |       |     1 ||     1
  Eat: Chunk             |     4 |    16 |     5 ||    25
Armor: Robe              |     8 |     5 |    27 ||    40
Dodge: Dodged            |    16 |    18 |    35 ||    69
Block: Other             |       |     1 |     2 ||     3
